 Dungeon Crawl Stone Soup version 0.29.1-2-gbd0b4ee654 (webtiles) character file.

Game seed: 8712162559623266036

130 funnyparkerb the Changer (level 5, -14/33 HPs)
             Began as an Octopode Transmuter on Nov 17, 2022.
             Demolished by a tentacled starspawn (28 damage)
             ... on level 1 of the Abyss.
             The game lasted 00:07:45 (3172 turns).

funnyparkerb the Changer (Octopode Transmuter)      Turns: 3172, Time: 00:07:46

Health: -14/33     AC:  1    Str:  9    XL:     5   Next: 14%
Magic:  13/13      EV: 10    Int: 17    God:
Gold:   565        SH:  0    Dex: 13    Spells: 6/16 levels left

rFire   . . .      SeeInvis .     - Unarmed
rCold   . . .      Faith    .   (no shield)
rNeg    . . .      Spirit   .   (helmet restricted)
rPois   .          Reflect  .   (no amulet)
rElec   .          Harm     .   f - ring of resist corrosion
rCorr   +          Rampage  .   (no ring)
Will    .....                   (no ring)
Stlth   ++........              (no ring)
HPRegen 0.11/turn               (no ring)
MPRegen 0.13/turn               (no ring)
                                (no ring)
                                (no ring)

@: weak-willed, constricted
A: almost no armour, amphibious, 8 rings, camouflage 1, gelatinous body 1,
(nimble swimmer 1), tentacles
a: no special abilities


You were on level 1 of the Abyss.
You visited 1 branch of the dungeon, and saw 4 of its levels.
You visited the Abyss 1 time.

You collected 565 gold pieces.

Inventory:

Jewellery
 f - a ring of resist corrosion (left tentacle)
Scrolls
 j - a scroll of amnesia
 l - 2 scrolls of noise
Potions
 a - a potion of lignification
 b - a potion of degeneration {unknown}
 c - a potion of haste {unknown}
 d - a potion of might {unknown}
 e - 2 potions of attraction
 g - 2 potions of curing
 i - 2 potions of heal wounds {unknown}
 n - a potion of mutation {unknown}
 p - a potion of flight {unknown}


   Skills:
 - Level 1.0 Fighting
 - Level 2.0 Dodging
 + Level 3.1 Unarmed Combat
 + Level 6.4 Spellcasting
 + Level 7.0 Transmutations
 + Level 0.9 Poison Magic


You had 6 spell levels left.
You knew the following spells:

 Your Spells              Type           Power      Damage    Failure   Level
a - Beastly Appendage     Tmut           58%        N/A       1%          1
b - Wereblood             Tmut           29%        N/A       1%          2
c - Spider Form           Tmut/Pois      19%        N/A       7%          3
d - Ice Form              Ice/Tmut       17%        N/A       28%         4

Your spell library contained the following spells:

 Spells                   Type           Power      Damage    Failure   Level
 Apportation              Tloc           10%        N/A       12%         1
 Necrotise                Necr           20%        1d5       12%         1
 Slow                     Hex            20%        N/A       12%         1
 Summon Small Mammal      Summ           20%        N/A       12%         1
 Confusing Touch          Hex            5%         N/A       36%         3
 Vampiric Draining        Necr           5%         2d6       36%         3
 Yara's Violent Unravell  Hex/Tmut       8%         3d5       63%         5
 Enfeeble                 Hex            2%         N/A       100%        7


Dungeon Overview and Level Annotations

Branches:
Dungeon (4/15)
 Temple: D:4-7

Altars:

Shops:
D:3 (=*

Annotations:
D:2 Jessica, Sigmund


Innate Abilities, Weirdness & Mutations

You cannot wear most types of armour.
You are amphibious.
You can wear up to eight rings at the same time.
Your skin changes colour to match your surroundings (Stealth+).
Your rubbery body absorbs attacks. (AC +1, EV +1)
((You are camouflaged when in or above water. (Stealth+)))
You have tentacles for arms and can constrict up to eight enemies at once.


Message History

The fire bat bites you.
You are engulfed in flames!
The fire burns you terribly!
A blink frog comes into view.
The fire bat attacks as you move away!
The fire bat bites you but does no damage.
The fire bat closely misses you.
You warm up again.
The fire bat misses you. The fire bat barely misses you.
The fire bat closely misses you.
Blink to where?
Press: ? - help, Dir - move target
As you read the scroll labelled GYOMATRIES, it crumbles to dust.
It was a scroll of blinking.
A tentacle flies out from the starspawn's body!
A starspawn tentacle comes into view.
The fire bat bites you.
You are engulfed in flames!
* * * LOW HITPOINT WARNING * * *
You are too injured to fight recklessly!
Okay, then.
As you read the scroll labelled QOEFO FIAN, it crumbles to dust.
Magic quickly surges around you.
It was a scroll of vulnerability.
The fire bat barely misses you.
As you read the scroll labelled BEOSTR PA JUPH, it crumbles to dust.
The creatures around you are filled with an inner flame!
It was a scroll of immolation.
The fire bat bites you but does no damage.
The air fills with toxic fumes!
As you read the scroll labelled HAYCEXTAROJON, it crumbles to dust.
It was a scroll of poison.
It was a potion of curing.
You feel better.
Okay, then.
Okay, then.
Okay, then.
Tentacles burst from the starspawn's body! 2 starspawn tentacles come into view.
The starspawn tentacle grabs you. The starspawn tentacle constricts you.
The starspawn tentacle constricts you. The tentacled starspawn bites you!!
Ouch! That really hurt!
You die...

# §§ . ☼ § § #. #§#§
§##§ #F#.#§§##§§#
#... #§☼§§§### ...##
§§§§§.# § ####....
#<###w§###§§§#
##.#.#
...#§\b─X@§§§§☼§# .
.....#§§#V##§§§#§#§§
....... ...#
..§§#§☼§# . ...#..
.#§☼§§### . b..
....#.##§#§## .##..
.....# §§.## ..
.#....##.#☼§.. . ...
#.## #§§ #. #......
.#


You could see a tentacled starspawn, a fire bat (inner flame, weak-willed) and a
starspawn tentacle.

Vanquished Creatures
  Terence (D:2)
  A gnoll (D:1)
  3 worms (D:3)
  A dart slug (D:3)
  2 orcs (D:3)
  4 bats (D:1)
  7 endoplasms
  A giant cockroach (D:2)
  7 goblins
  2 hobgoblins
  2 kobolds
  2 quokkas
  15 ball pythons
  A frilled lizard (D:2)
  6 rats
55 creatures vanquished.

Vanquished Creatures (others)
  2 starspawn tentacles (Abyss:1)
2 creatures vanquished.

Grand Total: 57 creatures vanquished

Notes
Turn   | Place    | Note
-------+----------+-------------------------------------------
     0 | D:1      | funnyparkerb the Octopode Transmuter began the quest for
                  | the Orb.
     0 | D:1      | Reached XP level 1. HP: 13/13 MP: 3/3
   256 | D:1      | Reached XP level 2. HP: 18/18 MP: 5/5
   264 | D:1      | Learned a level 2 spell: Wereblood
   589 | D:2      | Noticed Jessica
   602 | D:1      | Reached skill level 6 in Transmutations
   602 | D:1      | Reached XP level 3. HP: 23/23 MP: 5/10
   804 | D:1      | Reached skill level 7 in Transmutations
   901 | D:1      | Learned a level 3 spell: Spider Form
   988 | D:1      | Reached XP level 4. HP: 26/28 MP: 10/12
  1292 | D:1      | Learned a level 4 spell: Ice Form
  1328 | D:2      | Noticed Sigmund
  1748 | D:2      | Noticed Terence
  1771 | D:2      | Killed Terence
  2127 | D:3      | Found Ubott's Weapon Emporium.
  2236 | D:3      | Found Metoos's Jewellery Boutique.
  2299 | D:3      | Reached XP level 5. HP: 33/33 MP: 9/13
  2549 | D:3      | Found Matsost's General Store.
  2744 | D:3      | Found a faded altar of an unknown god.
  3145 | Abyss:1  | Cast into level 1 of the Abyss (orc wizard)
  3149 | Abyss:1  | Identified a scroll of acquirement
  3149 | Abyss:1  | Acquired 382 gold pieces
  3153 | Abyss:1  | Noticed a fire bat
  3153 | Abyss:1  | Noticed a fire bat
  3154 | Abyss:1  | Noticed a tentacled starspawn
  3158 | Abyss:1  | Noticed a blink frog
  3172 | Abyss:1  | Demolished by a tentacled starspawn

Illustrated notes

Levels and vault maps discovered:
D:1:      dpeg_arrival_radiant, layout_rooms
D:2:      layout_basic, minmay_misc_feat_rows, uniq_jessica, uniq_terence,
          uniq_sigmund
D:3:      layout_loops_cross, ebering_ecumenical_altar_rust, serial_shops,
          nicolae_shop_bloodbath_and_beyond, shop, nicolae_lakefront_shop
D:4:      cheibrodos_old_hovel, layout_cave_pools,
          nicolae_hepliaklqana_hippocampus
Abyss:1:  base:
D:4

Skill      XL: |  1  2  3 |
---------------+----------+-----
Spellcasting   | 6 |  6.4
Transmutations | 6 7 |  7.0
Fighting       | |  1.0
Dodging        | |  2.0
Unarmed Combat | |  3.1
Poison Magic   | |  0.9

Action                   |  1- 3 |  4- 6 || total
-------------------------+-------+-------++-------
Melee: Unarmed           |    44 |    73 ||   117
       Constrict         |    12 |    14 ||    26
       Kick              |    10 |    18 ||    28
       Tentacles         |     7 |    12 ||    19
       Punch             |     3 |       ||     3
 Cast: Beastly Appendage |    14 |    14 ||    28
       Wereblood         |       |     7 ||     7
       Ice Form          |       |     3 ||     3
 Abil: End Transformatio |       |     1 ||     1
  Use: Scroll            |     1 |     9 ||    10
       Potion            |     1 |     1 ||     2
 Stab: Sleeping          |     2 |     3 ||     5
Armor: Skin              |     2 |    11 ||    13
Dodge: Dodged            |    26 |    45 ||    71
